 Dungeon Crawl Stone Soup version 0.29.1-2-gbd0b4ee654 (webtiles) character file.

Game seed: 7574484220331485611

2134 safid the Skirmisher (level 9, 0/70 (81) HPs)
             Began as a Minotaur Hunter on Nov 7, 2022.
             Was a Follower of Okawaru.
             Slain by a wight
             ... wielding a +4 mace
              (10 damage)
             ... on level 6 of the Dungeon.
             The game lasted 00:12:30 (6357 turns).

safid the Skirmisher (Minotaur Hunter)              Turns: 6357, Time: 00:12:31

HP:   0/70 (81)     AC:  9    Str: 17    XL:     9   Next: 9%
MP:   8/8           EV: 12    Int:  6    God:    Okawaru [*.....]
Gold: 310           SH:  0    Dex: 17    Spells: 8/8 levels left

rFire   . . .      SeeInvis .   a - +0 shortbow
rCold   . . .      Faith    .   (shield currently unavailable)
rNeg    . . .      Spirit   .   c - +3 troll leather armour {Pargi}
rPois   .          Reflect  .   x - +1 hat
rElec   .          Harm     .   r - +0 cloak
rCorr   .          Rampage  .   (no gloves)
Will    .....                   (no boots)
Stlth   ++........              (no amulet)
HPRegen 1.01/turn               (no ring)
MPRegen 0.11/turn               (no ring)

@: hasted and slowed, heavily drained
A: horns 2, retaliatory headbutt
a: Renounce Religion, Heroism


You were on level 6 of the Dungeon.
You worshipped Okawaru.
Okawaru was aware of your devotion.
You visited 2 branches of the dungeon, and saw 7 of its levels.
You also visited: Sewer.

You collected 310 gold pieces.

Inventory:

Hand Weapons
 a - a +0 shortbow (weapon)
Armour
 c - a +3 troll leather armour (worn) {Pargi}
 r - a +0 cloak (worn)
 x - a +1 hat (worn)
Jewellery
 v - the ring "Veseox" {rF+ rC+ rN+ Dex-5}
   (You found it on level 5 of the Dungeon)

   [ring of protection from fire]

   Dex:       It affects your dexterity (-5).
   rF:        It protects you from fire.
   rC:        It protects you from cold.
   rN:        It protects you from negative energy.
Wands
 q - a wand of flame (42)
Scrolls
 h - 3 scrolls of teleportation
 m - a scroll of brand weapon {unknown}
 o - a scroll of enchant weapon {unknown}
 p - a scroll of blinking {unknown}
 w - a scroll of fear {unknown}
 y - a scroll of noise {unknown}
Potions
 b - a potion of magic {unknown}
 j - 2 potions of curing
 l - 2 potions of heal wounds {unknown}
 s - a potion of ambrosia {unknown}
 t - 2 potions of degeneration {unknown}
 z - a potion of cancellation {unknown}


   Skills:
 - Level 8.0 Fighting
 + Level 11.9 Ranged Weapons
 - Level 2.1 Dodging
 - Level 0.7 Stealth


You had 8 spell levels left.
You didn't know any spells.
Your spell library contained the following spells:

 Spells                   Type           Power      Damage    Failure   Level
 Sublimation of Blood     Necr           0%         N/A       67%         2
 Wereblood                Tmut           0%         N/A       67%         2
 Summon Hydra             Summ           Unusable   N/A       N/A         7

Dungeon Overview and Level Annotations

Branches:
Dungeon (6/15)             Temple (1/1) D:5           Sewer (visited)

Altars:
Dithmenos
Elyvilon
Fedhas
Gozag
Kikubaaqudgha
Makhleb
Nemelex Xobeh
Okawaru
Qazlal
Ru
Sif Muna
Trog
Uskayaw
Vehumet
Xom
Yredelemnul

Shops:
D:4 :[[


Innate Abilities, Weirdness & Mutations

You have a pair of horns on your head.
You reflexively headbutt those who attack you in melee.


Message History

Press: ? - help, Q - select action, (/) - cycle Shift-Dir - straight line, f/p - wight
Aim: a wight, wielding a +4 mace and wearing a +0 robe (severely damaged, 69% to hit)
You shoot an arrow.
The arrow hits the wight but does no damage.
The wight is severely damaged.
Unknown command.
Fire: a) +0 shortbow
Press: ? - help, Q - select action, (/) - cycle Shift-Dir - straight line, f/p - wight
Aim: a wight, wielding a +4 mace and wearing a +0 robe (severely damaged, 69% to hit)
You shoot an arrow. The arrow hits the wight.
The wight is almost destroyed.
The kobold brigand hits you with a +0 whip.
* * * LOW HITPOINT WARNING * * *
The wight hits you with a +4 mace.
* * * LOW HITPOINT WARNING * * *
You feel drained.
Unknown command.
Fire: a) +0 shortbow
Press: ? - help, Q - select action, (/) - cycle Shift-Dir - straight line, f/p - wight
Aim: a wight, wielding a +4 mace and wearing a +0 robe (almost destroyed, 69% to hit)
You shoot an arrow. The arrow hits the wight.
The wight is almost destroyed.
The wight hits you but does no damage.
The kobold brigand completely misses you.
Fire: a) +0 shortbow
Press: ? - help, Q - select action, (/) - cycle Shift-Dir - straight line, p - wight You shoot an arrow.
The kobold brigand hits you but does no damage.
The wight hits you with a +4 mace.
* * * LOW HITPOINT WARNING * * *
You feel drained.
Fire: a) +0 shortbow
Press: ? - help, Q - select action, (/) - cycle Shift-Dir - straight line, f - kobold brigand
Aim: a kobold brigand, wielding a +0 whip and quivering curare-tipped darts (63% to hit)
You shoot an arrow.
The arrow barely misses the kobold brigand.
The kobold brigand hits you with a +0 whip.
* * * LOW HITPOINT WARNING * * *
The wight hits you with a +4 mace!
You die...

,,,*,,,.##....####...##.......,,,
,,,,,,.........##...##.)......,,,
,,,,,....................)....,,,
,,,,,..............)..........,,,
,,,,,.........................,,,
,,,,,............)............,,,
,,,,,.............)...........**,
,,,,,...........)K...........#***
,,,,,..........)@z..........## *
,,,,,.......................#
,,,,,.......................#*
,.........................#.,**
.........................##,,,*
........................##**,,**
........................# *,,,**
..)..........^.........#** **,,,,
....................,,,,,***,,,,,


You could see a kobold brigand and a wight.

Vanquished Creatures
  Pikel (D:4)
  Menkaure (D:4)
  Pargi (Sewer)
  A black bear (D:5)
  An ice beast (D:6)
  2 ogres
  A centaur (D:5)
  4 lemures (D:4)
  2 phantoms
  2 scorpions (D:4)
  A wight (D:6)
  A jelly (D:5)
  A hound (D:4)
  3 orc priests
  4 iguanas
  Ijyb (D:4)
  Natasha (thrice) (D:4)
  2 orc wizards
  12 gnolls
  6 adders
  A river rat (D:6)
  4 dart slugs
  13 orcs
  2 endoplasms
  4 giant cockroaches
  13 goblins
  7 hobgoblins
  2 jackals (D:2)
  4 quokkas
  6 ball pythons
  14 bats
  A frilled lizard (D:3)
  14 kobolds
  5 rats
140 creatures vanquished.

Vanquished Creatures (others)
  5 plants (D:1)
5 creatures vanquished.

Grand Total: 145 creatures vanquished

Notes
Turn   | Place    | Note
-------+----------+-------------------------------------------
     0 | D:1      | safid the Minotaur Hunter began the quest for the Orb.
     0 | D:1      | Reached XP level 1. HP: 18/18 MP: 0/0
   191 | D:1      | Reached XP level 2. HP: 22/25 MP: 1/1
   464 | D:1      | Reached skill level 5 in Ranged Weapons
   464 | D:1      | Reached XP level 3. HP: 31/31 MP: 2/2
  1000 | D:2      | Reached XP level 4. HP: 39/40 MP: 3/3
  2185 | D:3      | Found a shadowy altar of Dithmenos.
  2297 | D:3      | Reached XP level 5. HP: 44/47 MP: 4/4
  2390 | D:3      | Reached skill level 5 in Fighting
  2414 | D:3      | Reached skill level 6 in Ranged Weapons
  2927 | D:4      | Noticed Menkaure
  2936 | D:4      | Killed Menkaure
  2937 | D:4      | Reached XP level 6. HP: 24/57 MP: 5/5
  3115 | D:4      | Found Zaastoiv's Magic Scroll Shoppe.
  3117 | D:4      | Found Ygucomul's Book Shoppe.
  3120 | D:4      | Found Womm's Antique Armour Shoppe.
  3121 | D:4      | Found Sajiemer's Antique Armour Shoppe.
  3169 | D:4      | Found a shimmering blue altar of Sif Muna.
  3187 | D:4      | Noticed Pikel
  3335 | D:4      | Killed Pikel
  3336 | D:4      | Reached skill level 7 in Ranged Weapons
  3336 | D:4      | Reached XP level 7. HP: 66/66 MP: 6/6
  3373 | D:4      | Reached skill level 8 in Ranged Weapons
  3436 | D:4      | Found a radiant altar of Vehumet.
  3699 | D:4      | Found a sparkling altar of Nemelex Xobeh.
  3700 | D:4      | Found an ancient bone altar of Kikubaaqudgha.
  3701 | D:4      | Found a shimmering altar of Xom.
  3701 | D:4      | Found a hide-covered altar of Uskayaw.
  3701 | D:4      | Noticed Natasha
  3709 | D:4      | Killed Natasha
  3771 | D:4      | Noticed Natasha
  3776 | D:4      | Killed Natasha
  3829 | D:4      | Noticed Ijyb
  3840 | D:4      | Killed Ijyb
  3841 | D:4      | Reached XP level 8. HP: 57/74 MP: 7/7
  3994 | D:4      | Noticed Natasha
  3996 | D:4      | Killed Natasha
  4044 | D:4      | Reached skill level 9 in Ranged Weapons
  4443 | D:5      | Entered Level 5 of the Dungeon
  4561 | D:5      | Identified the ring "Veseox" {rF+ rC+ rN+ Dex-5}
  4668 | D:5      | Reached skill level 10 in Ranged Weapons
  4792 | D:5      | HP: 1/74 [iguana (6)]
  5350 | D:5      | Reached skill level 11 in Ranged Weapons
  5558 | D:5      | Found a staircase to the Ecumenical Temple.
  5567 | Temple   | Entered the Ecumenical Temple
  5731 | Temple   | Became a worshipper of Warmaster Okawaru
  5962 | D:6      | Found a glowing drain.
  5966 | Sewer    | Entered a sewer
  6119 | Sewer    | Noticed Pargi
  6126 | Sewer    | Killed Pargi
  6224 | D:6      | Reached XP level 9. HP: 81/81 MP: 8/8
  6341 | D:6      | Reached * piety under Okawaru
  6357 | D:6      | Slain by a wight

Illustrated notes

Levels and vault maps discovered:
D:1:      dpeg_arrival_pits, layout_loops_ring, serial_bayou,
          serial_bayou_lagoon_a, serial_bayou_lake_a, serial_bayou_pond_c,
          serial_bayou_pond_c, hex_medium
D:2:      layout_basic
D:3:      layout_loops_corners, nicolae_dithmenos_through_a_glass_darkly
D:4:      layout_basic, vehumet_altar_wand_db,
          mainiacjoe_overflow_concentric_impassable,
          chequers_temple_overflow_statue_of_worship, minmay_shop_grid_forest,
          grunt_ministairs_8, chequers_serial_rivers_small_b, uniq_ijyb,
          uniq_pikel, uniq_natasha, uniq_menkaure
D:5:      layout_cave_pools, minmay_temple_entry_sparse_star
D:6:      layout_layer_cave, nzn_wu_jian_council_hall,
          nicolae_tso_besieged_by_evil, gup_sewer_entry_spiral
Temple:   hellmonk_temple_forest_ring

Skill      XL: |  1  2  3  4  5  6  7  8 |
---------------+-------------------------+-----
Fighting       | 3 4 5 7 8 |  8.0
Ranged Weapons | 5 6 7 8 11 | 11.9
Dodging        | |  2.1
Stealth        | |  0.7

Action                   |  1- 3 |  4- 6 |  7- 9 || total
-------------------------+-------+-------+-------++-------
Melee: Shortbow          |       |       |     1 ||     1
 Fire: Shortbow          |    86 |   212 |   314 ||   612
  Use: Scroll            |       |     2 |    12 ||    14
       Potion            |       |       |     4 ||     4
Armor: Leather armour    |     6 |       |       ||     6
       Scale mail        |     6 |    13 |    77 ||    96
       Troll leather arm |       |       |     9 ||     9
Dodge: Dodged            |    26 |    26 |   121 ||   173
